[Event "WJCC U20 Girls 2019"]
[Site "New Delhi"]
[Date "2019.10.22"]
[Round "8.30"]
[White "Savitha Shri B"]
[Black "Kairbekova, Amina"]
[Result "1/2-1/2"]
[ECO "C04"]
[WhiteElo "1916"]
[BlackElo "2096"]
[Annotator "NA"]
[PlyCount "138"]
[EventDate "2019.10.15"]
[EventType "swiss"]
[EventCountry "IND"]
[SourceTitle "playchess.com"]
[Source "ChessBase"]
[SourceQuality "1"]
[TimeControl "40/5400+30:1800+30"]

1. e4 e6 2. d4 d5 3. Nd2 Nc6 4. Ngf3 Nf6 5. e5 Nd7 6. c3 f6 7. exf6 Qxf6 8. Bb5 {[%emt 0:03:34] C04: French Tarrasch: 3...Nc6} a6 (8... Bd6 9. Nf1 O-O 10. Bg5 Qf7 11. Ng3 Ne7 12. O-O Ng6 13. Bd3 Nf4 14. Bc2 b6 15. Bxf4 Bxf4 16. Qd3 g6 17. Rae1 {0-1 (74) Munenga,D (2329)-Hamdouchi,H (2575) Hammamet 2019}) 9. Ba4 Bd6 10. Nf1 O-O 11. Bg5 Qf7 12. Ne3 Kh8 $146 ({Predecessor:} 12... Qh5 $1 $15 13. Nf1 {[#]} Rxf3 $1 {[%mdl 576] Remove Defender} 14. Bd2 Rf5 15. g4 Qh3 16. gxf5 Qg2 17. f3 Qxh1 18. Qe2 Nde5 19. dxe5 Nxe5 20. Bd1 Bd7 21. a4 exf5 {0-1 (21) Fedorov,D (2125)-Nugumanov,B (2210) Izhevsk 2011}) 13. O-O {[%emt 0:02:08] [#]} (13. Bh4 $11) 13... Qh5 $1 14. Bc2 Rxf3 15. h4 h6 16. Qxf3 Qxf3 17. gxf3 hxg5 18. hxg5 Bf4 19. Rae1 Nb6 20. g6 e5 21. Kg2 $11 Bd7 22. Rh1+ Kg8 23. Rh4 Re8 24. dxe5 Bxe3 25. fxe3 Nxe5 26. Reh1 Kf8 27. b3 Re6 28. Rh8+ Ke7 29. R1h7 Kd6 30. Rxg7 Be8 31. Bf5 Nxg6 32. Rhh7 Nf8 33. Bxe6 Nxh7 34. Rxh7 Kxe6 35. Rxc7 Bc6 36. Rh7 Nd7 37. Rh6+ Kf5 38. Rh5+ Kg6 39. Rh4 Ne5 40. Rd4 Kf5 41. a4 a5 42. Kg3 Nd7 43. b4 Nb6 44. bxa5 Nc4 45. e4+ Ke6 46. f4 Nd6 47. exd5+ Bxd5 48. Kg4 Nf5 49. Rb4 Ne3+ 50. Kg5 Nc4 51. f5+ Ke5 52. Rb5 Nd6 53. Rb6 Nxf5 54. a6 bxa6 55. Rxa6 Nd6 56. Kg6 Ne4 57. a5 Nxc3 58. Rb6 Bc4 59. Rb8 Kd5 60. Kf6 Kc5 61. Rc8+ Kb4 62. Ke5 Ba6 63. Rc6 Bb5 64. Rc8 Ba6 65. Rc6 Bb5 66. Rc7 Na4 67. Ra7 Nc5 68. Kd5 Na6 69. Rxa6 Bxa6 1/2-1/2

[Event "WJCC U20 Girls 2019"]
[Site "New Delhi"]
[Date "2019.10.22"]
[Round "8.31"]
[White "Zhang, Xiao"]
[Black "Onur, Cigdem"]
[Result "1-0"]
[ECO "D30"]
[WhiteElo "2053"]
[BlackElo "1913"]
[Annotator "NA"]
[PlyCount "45"]
[EventDate "2019.10.15"]
[EventType "swiss"]
[EventCountry "IND"]
[SourceTitle "playchess.com"]
[Source "ChessBase"]
[SourceQuality "1"]
[TimeControl "40/5400+30:1800+30"]

1. d4 d5 2. c4 e6 3. Nf3 Nf6 4. e3 c5 5. Nc3 Nc6 6. cxd5 exd5 7. Bb5 Bd6 8. dxc5 Bxc5 9. O-O O-O 10. h3 Be6 $11 11. b3 Qe7 12. Bb2 Rfd8 13. Ne2 Ne4 14. Rc1 Rac8 15. Ned4 Bd7 16. Qe2 Bd6 17. Rfd1 Bb8 18. Nxc6 Bxc6 19. Nd4 Qd6 20. f4 Qg6 21. Bxc6 bxc6 22. Qg4 Qxg4 23. hxg4 1-0

[Event "WJCC U20 Girls 2019"]
[Site "New Delhi"]
[Date "2019.10.22"]
[Round "8.32"]
[White "Srimathi R"]
[Black "Chandreyee, Hajra"]
[Result "1-0"]
[ECO "B15"]
[WhiteElo "1914"]
[BlackElo "2024"]
[Annotator "NA"]
[PlyCount "97"]
[EventDate "2019.10.15"]
[EventType "swiss"]
[EventCountry "IND"]
[SourceTitle "playchess.com"]
[Source "ChessBase"]
[SourceQuality "1"]
[TimeControl "40/5400+30:1800+30"]

1. e4 c6 2. d4 d5 3. Nc3 dxe4 4. Nxe4 Nf6 5. Nxf6+ exf6 6. Nf3 Bd6 7. Bd3 O-O 8. O-O Bg4 9. h3 Bh5 10. Be3 Re8 11. c4 Nd7 12. Bf5 $11 Nf8 13. d5 c5 14. Re1 Nd7 15. Bg4 Bxg4 16. hxg4 g5 17. Qc2 Kg7 18. Bd2 Rh8 19. Bc3 h5 20. Qf5 Kg8 21. Nxg5 hxg4 22. Ne4 Bh2+ 23. Kf1 Rh6 24. g3 Kg7 25. Qxg4+ Rg6 26. Qh3 Rh6 27. Qg4+ Rg6 28. Qf5 Qc8 29. Nd6 Qc7 30. Ne8+ Rxe8 31. Rxe8 Bxg3 32. Qh3 Rh6 33. Rg8+ Kxg8 34. Qxh6 Qf4 35. Qxf4 Bxf4 36. Re1 Be5 37. Bxe5 fxe5 38. f4 f6 39. fxe5 fxe5 40. Ke2 Kf7 41. Ke3 Ke7 42. Ke4 a6 43. a4 Kd6 44. Rf1 b5 45. axb5 axb5 46. b3 bxc4 47. bxc4 Nb6 48. Rf6+ Kc7 49. Rxb6 1-0

[Event "WJCC U20 Girls 2019"]
[Site "New Delhi"]
[Date "2019.10.22"]
[Round "8.32"]
[White "Srimathi R"]
[Black "Chandreyee, Hajra"]
[Result "*"]
[ECO "B15"]
[WhiteElo "1914"]
[BlackElo "2024"]
[Annotator "NA"]
[PlyCount "44"]
[EventDate "2019.10.15"]
[EventType "swiss"]
[EventCountry "IND"]
[SourceTitle "playchess.com"]
[Source "ChessBase"]
[SourceQuality "1"]
[TimeControl "40/5400+30:1800+30"]

1. e4 c6 2. d4 d5 3. Nc3 dxe4 4. Nxe4 Nf6 5. Nxf6+ exf6 6. Nf3 Bd6 7. Bd3 O-O 8. O-O Bg4 9. h3 Bh5 10. Be3 Re8 11. c4 Nd7 12. Bf5 $11 Nf8 13. d5 c5 14. Re1 Nd7 15. Bg4 Bxg4 16. hxg4 g5 17. Qc2 Kg7 18. Bd2 Rh8 19. Bc3 h5 20. Qf5 Kg8 21. Qc2 Kg7 22. Qf5 Kg8 *

[Event "WJCC U20 Girls 2019"]
[Site "New Delhi"]
[Date "2019.10.22"]
[Round "8.33"]
[White "Mirza, Diana"]
[Black "Aouachria, Marwa"]
[Result "1-0"]
[ECO "A45"]
[WhiteElo "1986"]
[BlackElo "1839"]
[Annotator "NA"]
[PlyCount "91"]
[EventDate "2019.10.15"]
[EventType "swiss"]
[EventCountry "IND"]
[SourceTitle "playchess.com"]
[Source "ChessBase"]
[SourceQuality "1"]
[TimeControl "40/5400+30:1800+30"]

1. d4 Nf6 2. Bf4 g6 3. Nc3 d5 4. Nb5 Na6 5. Nf3 Bd7 6. e3 Bg7 7. h3 O-O 8. Ne5 Bxb5 9. Bxb5 Nb8 10. g4 c5 11. O-O c4 12. c3 Ne4 13. Ba4 f6 14. Nf3 a6 15. Bc2 Nd6 16. Qe2 Nc6 17. e4 e6 18. exd5 exd5 19. Qe6+ Nf7 20. Qe2 Re8 21. Qd2 Qd7 22. Rfe1 Bf8 23. Kg2 Bd6 24. Be3 Ncd8 25. Rh1 $15 Ne6 26. Rag1 Qc7 27. h4 Kg7 28. Bb1 Nf4+ 29. Kf1 Rh8 30. g5 f5 31. h5 Nxh5 32. Rxh5 gxh5 33. Bxf5 Kf8 34. Be6 Qc6 35. g6 hxg6 36. Rxg6 Ke8 37. Bxf7+ Kxf7 38. Ne5+ Bxe5 39. Rxc6 bxc6 40. dxe5 Ke6 41. Qd4 Rac8 42. Qh4 Rcf8 43. Bc5 Rf7 44. Qg5 Rhh7 45. Qg6+ Kxe5 46. Bd6# 1-0

[Event "WJCC U20 Girls 2019"]
[Site "New Delhi"]
[Date "2019.10.22"]
[Round "8.34"]
[White "Eesha Ajay Sarda"]
[Black "Vlkova, Anezka"]
[Result "1/2-1/2"]
[ECO "C01"]
[WhiteElo "1744"]
[BlackElo "1972"]
[Annotator "NA"]
[PlyCount "89"]
[EventDate "2019.10.15"]
[EventType "swiss"]
[EventCountry "IND"]
[SourceTitle "playchess.com"]
[Source "ChessBase"]
[SourceQuality "1"]
[TimeControl "40/5400+30:1800+30"]

1. d4 e6 2. e4 d5 3. exd5 exd5 4. Bd3 Nc6 5. Ne2 Qf6 (5... Nf6 6. Bg5 Be6 7. c3 h6 8. Bh4 Be7 9. Nd2 Qd7 10. Qc2 g5 11. Bg3 Nh5 12. O-O-O f5 13. h4 {0-1 (31) Cukrowski,F (2424)-Nasuta,G (2533) Suwalki 2019}) 6. Nbc3 {[%emt 0:01:31] C01: French: Exchange Variation} Be6 7. Be3 $146 ({Predecessor:} 7. Bf4 O-O-O 8. Qd2 h6 9. Nb5 Rd7 10. c3 Nge7 11. a4 g5 12. Nxa7+ Kb8 13. Nxc6+ Nxc6 {1-0 (28) Pfeiffer,A (2217)-Harakis,A (2167) London 2000}) 7... Nb4 8. Nb5 Kd7 9. Bf4 c6 10. Nc7 Rd8 11. Be5 Nxd3+ 12. Qxd3 Qf5 13. Qb3 Kc8 14. Qa4 f6 15. Ng3 Qg4 16. h3 Qh4 17. Nxe6 Re8 18. Qa5 Bd6 19. Nxg7 Rxe5+ 20. Kf1 $15 Qxd4 21. N7f5 Qc4+ 22. Kg1 Bc5 23. c3 Ne7 24. Nxe7+ Rxe7 25. Rf1 h5 26. b3 Bb6 27. bxc4 Bxa5 28. cxd5 cxd5 29. Rd1 Bxc3 30. Rxd5 Be5 31. Nf5 Rc7 32. g3 Rd8 33. Rxd8+ Kxd8 34. Kg2 Rc2 35. Rd1+ Kc7 36. a4 a6 37. Ng7 b5 38. axb5 axb5 39. Nxh5 b4 40. Rb1 Bd4 41. Rxb4 Rxf2+ 42. Kh1 Rf1+ 43. Kg2 Rf2+ 44. Kh1 Rf1+ 45. Kg2 1/2-1/2

[Event "WJCC U20 Girls 2019"]
[Site "New Delhi"]
[Date "2019.10.22"]
[Round "8.37"]
[White "Ortiz Verdezoto, Anahi"]
[Black "Jayaweera, Sayuni Gihansa"]
[Result "1-0"]
[ECO "D86"]
[WhiteElo "2055"]
[BlackElo "1788"]
[Annotator "NA"]
[PlyCount "109"]
[EventDate "2019.10.15"]
[EventType "swiss"]
[EventCountry "IND"]
[SourceTitle "playchess.com"]
[Source "ChessBase"]
[SourceQuality "1"]
[TimeControl "40/5400+30:1800+30"]

1. d4 Nf6 2. c4 g6 3. Nc3 d5 4. cxd5 Nxd5 5. e4 Nxc3 6. bxc3 Bg7 7. Bc4 c5 8. Be3 O-O 9. Ne2 cxd4 10. cxd4 Qa5+ 11. Bd2 Qa3 12. Rb1 Nc6 13. d5 {[%emt 0:05:08] D86: Exchange Grünfeld: Classical Line (7 Bc4)} Ne5 14. Qb3 Qxb3 15. Bxb3 Nd3+ 16. Kf1 Bd7 $146 ({Predecessor:} 16... b6 17. Be3 Ba6 18. Kg1 Rac8 19. h3 Nc5 20. Ng3 Bd3 {1-0 (61) Kraidman,Y (2445)-Sowray,P (2210) London 1979}) 17. Be3 b6 18. Bc2 Ne5 19. Nd4 Rac8 20. Ke2 Nc4 21. Bd3 Nxe3 22. fxe3 Rc3 23. Rhc1 Rfc8 24. Rxc3 Rxc3 25. Kd2 Rc5 26. Rc1 Rxc1 27. Kxc1 Kf8 28. Kd2 Ke8 29. h3 Kd8 30. Nf3 h6 31. e5 Kc7 32. Bc4 Be8 33. Kd3 b5 34. Bb3 a5 35. e4 a4 36. Bc2 Kb6 37. Kd4 Bd7 38. a3 Bc8 39. Ne1 g5 $11 40. Bd1 f5 41. Nd3 f4 42. Bh5 Bd7 43. Nb4 Bh8 44. Bg6 Bg7 45. Bf5 Be8 46. Nd3 Bh5 47. Bd7 Be2 48. Nb4 Bf1 49. Nc6 Bxg2 50. Nxe7 f3 51. d6 f2 52. Nd5+ Kb7 53. Bxb5 f1=Q 54. Bxf1 Bxf1 55. d7 1-0

[Event "WJCC U20 Girls 2019"]
[Site "New Delhi"]
[Date "2019.10.22"]
[Round "8.38"]
[White "Tamarozi, Isabelle"]
[Black "Rathi Dhanashree"]
[Result "1-0"]
[ECO "B41"]
[WhiteElo "2029"]
[BlackElo "1692"]
[Annotator "NA"]
[PlyCount "105"]
[EventDate "2019.10.15"]
[EventType "swiss"]
[EventCountry "IND"]
[SourceTitle "playchess.com"]
[Source "ChessBase"]
[SourceQuality "1"]
[TimeControl "40/5400+30:1800+30"]

1. e4 c5 2. Nf3 e6 3. d4 cxd4 4. Nxd4 a6 5. c4 Nf6 6. Nc3 Qc7 7. a3 b6 8. Be3 Bb7 9. f3 Be7 10. Be2 d6 11. Qd2 Nbd7 12. Rc1 O-O 13. O-O Rfe8 14. b4 Rac8 15. Rfd1 Qb8 16. Nb3 Bc6 {[%emt 0:07:57] A31: Symmetrical English: 2 Nf3 Nf6 3 d4} 17. Qe1 (17. Kh1 h6 18. Bf1 Ne5 19. Qf2 Bd7 20. Nb1 Ba4 21. N1d2 b5 22. c5 dxc5 23. Bxc5 Bxc5 24. Rxc5 {0-1 (62) Negi,P (2664)-Hou,Y (2683) Saint Louis 2015}) 17... Nf8 $146 ({Predecessor:} 17... Bd8 18. Bf4 Bc7 19. Qd2 Ne5 20. Bxe5 dxe5 21. Qe3 Nh5 22. g3 f5 23. Kg2 Nf6 24. Bd3 g6 25. Qh6 Qa8 26. Re1 Red8 27. Bb1 Rd4 28. Nxd4 exd4 29. Nd5 exd5 30. exd5 Bd7 31. Re7 {1-0 (31) Burian,S (2001)-Biermann,F (2028) Willingen 2019}) 18. Qf2 N6d7 19. Kh1 Bf6 20. Bd4 Red8 21. Rc2 $14 Ba8 22. Bf1 Bxd4 23. Qxd4 Ne5 24. Rcd2 Qc7 25. Na4 Nxc4 26. Bxc4 Qxc4 27. Qe3 b5 28. Nb6 Qc3 29. Rd3 Qb2 30. Nxc8 Rxc8 31. Nd4 d5 32. e5 Nd7 33. f4 Nb6 34. f5 Nc4 35. Qg3 g6 36. f6 h6 37. Qh4 h5 38. Qg5 Kf8 39. Qh6+ Ke8 40. Qg7 Nxe5 41. Nxe6 Kd7 42. Nc5+ Kd6 43. R3d2 Qxa3 44. h3 Qxb4 45. Nd3 Nxd3 46. Rxd3 Qe4 47. Qxf7 Rc2 48. Qf8+ Kd7 49. Qg7+ Kd6 50. Rg3 d4 51. Rxg6 Qe3 52. f7+ Kd5 53. f8=Q {[%emt 0:00:00] Ke6} 1-0

[Event "WJCC U20 Girls 2019"]
[Site "New Delhi"]
[Date "2019.10.22"]
[Round "8.39"]
[White "Abdala Cancino, Patricia Anastas"]
[Black "Cosme Contreras, Trilce"]
[Result "0-1"]
[ECO "B50"]
[WhiteElo "1608"]
[BlackElo "2027"]
[Annotator "NA RC"]
[PlyCount "60"]
[EventDate "2019.10.15"]
[EventType "swiss"]
[EventCountry "IND"]
[SourceTitle "playchess.com"]
[Source "ChessBase"]
[SourceQuality "1"]
[TimeControl "40/5400+30:1800+30"]

1. e4 c5 2. Nf3 d6 3. d3 Nc6 4. c3 Nf6 5. g3 g6 6. Bg2 Bg7 7. O-O O-O 8. Re1 Bg4 9. h3 Bxf3 10. Qxf3 Rc8 11. g4 b5 12. Be3 b4 13. d4 bxc3 14. bxc3 cxd4 15. Bxd4 Nxd4 16. cxd4 Nd7 17. Qe3 Qb6 18. Rd1 Qb2 19. Nd2 Bxd4 20. Qd3 Ne5 21. Qa6 Rc6 22. Qa4 Qb6 23. Rab1 Bxf2+ 24. Kf1 Qe3 25. Rb3 Qf4 26. Rf3 Nxf3 27. Nxf3 Bc5 28. Qxc6 Qe3 29. Rd2 Rb8 30. Re2 Rb1+ 0-1

[Event "WJCC U20 Girls 2019"]
[Site "New Delhi"]
[Date "2019.10.22"]
[Round "8.40"]
[White "Punsalan, Vyanla M"]
[Black "Dahampriya, H K T Dewnethmie"]
[Result "1/2-1/2"]
[ECO "B22"]
[WhiteElo "1964"]
[BlackElo "1629"]
[Annotator "NA"]
[PlyCount "88"]
[EventDate "2019.10.15"]
[EventType "swiss"]
[EventCountry "IND"]
[SourceTitle "playchess.com"]
[Source "ChessBase"]
[SourceQuality "1"]
[TimeControl "40/5400+30:1800+30"]

1. e4 c5 2. c3 Nf6 3. e5 Nd5 4. d4 cxd4 5. Nf3 Nc6 6. cxd4 d6 7. Nc3 dxe5 8. dxe5 Nxc3 9. Qxd8+ Nxd8 10. bxc3 Bd7 11. Be3 g6 {[%emt 0:05:48] B22: Sicilian: 2 c3} (11... e6 12. Nd4 Rc8 13. Kd2 a6 14. Rb1 Bc5 15. Bd3 Ba4 16. f4 b5 17. f5 exf5 18. Nxf5 Ne6 19. Rhe1 {0-1 (58) Sveshnikov,E (2502)-Shirov,A (2685) Jurmala 2016}) 12. h4 h5 13. Nd4 a6 $146 ({Predecessor:} 13... Rc8 14. Kd2 Bg7 15. f4 a6 16. Rb1 f6 17. exf6 Bxf6 18. Bd3 Rg8 19. Rb6 {½-½ (53) Sychov,A-Kaskelaynen,A ICCF email 2007}) 14. Be2 Bg7 15. f4 Rc8 16. Kd2 O-O 17. g4 hxg4 18. Rag1 f5 19. exf6 Rxf6 20. Bxg4 Bxg4 21. Rxg4 Kf7 22. h5 gxh5 23. Rxh5 Rh6 24. Rxg7+ Kxg7 25. Nf5+ Kg6 26. Rg5+ Kh7 27. Rg7+ Kh8 28. Bd4 Rc4 29. Be5 Re6 $11 30. Nxe7 Rxe5 31. Rg8+ Kh7 32. fxe5 Nc6 33. Rc8 Nxe5 34. Rxc4 Nxc4+ 35. Kd3 Nd6 36. c4 Kg7 37. c5 Ne8 38. c6 bxc6 39. Nxc6 Kf7 40. Kc4 Nc7 41. Kc5 Ke8 42. Nb8 Kd8 43. Kc6 Kc8 44. Nxa6 Nxa6 1/2-1/2

[Event "WJCC U20 Girls 2019"]
[Site "New Delhi"]
[Date "2019.10.22"]
[Round "8.41"]
[White "Figueroa Bernal, Julia Dennis"]
[Black "Levitan, Ronit"]
[Result "1-0"]
[ECO "C44"]
[WhiteElo "1777"]
[BlackElo "1893"]
[Annotator "NA"]
[PlyCount "87"]
[EventDate "2019.10.15"]
[EventType "swiss"]
[EventCountry "IND"]
[SourceTitle "playchess.com"]
[Source "ChessBase"]
[SourceQuality "1"]
[TimeControl "40/5400+30:1800+30"]

1. e4 e5 2. Nf3 Nc6 3. d4 exd4 4. Nxd4 Nf6 5. Nxc6 bxc6 6. Qe2 Bb4+ 7. c3 Bc5 8. e5 Nd5 9. c4 Nb6 10. Qg4 g6 11. Nc3 d5 12. Qg3 O-O 13. Bh6 Re8 14. O-O-O Bf5 15. f4 a5 16. h3 Qb8 17. cxd5 Nxd5 18. Nxd5 cxd5 19. Bd3 Bd4 20. Rd2 Bxd3 21. Qxd3 c5 22. h4 Qb6 23. Re1 a4 24. a3 Rab8 25. Ree2 Qa5 26. Qg3 Rb3 27. Qg5 Qb6 28. f5 Rb8 29. fxg6 hxg6 30. e6 Rxa3 31. exf7+ Kh7 32. f8=N+ Kg8 33. Qxd5+ Kh8 34. Rxd4 Ra1+ 35. Kd2 Qxb2+ 36. Ke3 cxd4+ 37. Kf2 Qb7 38. Nxg6+ Kh7 39. Re7+ Qxe7 40. Nxe7 Rb2+ 41. Kg3 Ra3+ 42. Kh2 Rb6 43. Qg8+ Kxh6 44. Qh8# 1-0

[Event "WJCC U20 Girls 2019"]
[Site "New Delhi"]
[Date "2019.10.22"]
[Round "8.42"]
[White "Noshin, Anjum"]
[Black "Rousseau, Christilla"]
[Result "1-0"]
[ECO "B19"]
[WhiteElo "1793"]
[BlackElo "1648"]
[Annotator "NA"]
[PlyCount "73"]
[EventDate "2019.10.15"]
[EventType "swiss"]
[EventCountry "IND"]
[SourceTitle "playchess.com"]
[Source "ChessBase"]
[SourceQuality "1"]
[TimeControl "40/5400+30:1800+30"]

1. e4 c6 2. d4 d5 3. Nc3 dxe4 4. Nxe4 Bf5 5. Ng3 Bg6 6. h4 h6 7. Nf3 Nd7 8. h5 Bh7 9. Bd3 Bxd3 10. Qxd3 e6 11. Bd2 Ngf6 12. O-O-O Be7 13. Kb1 Rc8 14. Ne4 Nxe4 15. Qxe4 Nf6 16. Qe2 Qd5 17. Be3 O-O 18. Nd2 Qf5 19. f3 Nd5 20. g4 Qh7 21. Nc4 c5 22. dxc5 Nxe3 23. Nxe3 Bxc5 24. Rd3 Bb6 25. b3 Rc6 26. Nc4 Bd8 27. Ne5 Rc7 28. Rhd1 Bf6 29. Nd7 Rfc8 30. Nxf6+ gxf6 31. Rd8+ Rxd8 32. Rxd8+ Kg7 33. Qd2 b6 34. Kb2 Rc5 35. c4 b5 36. Qd6 Re5 37. Qf8# 1-0

[Event "WJCC U20 Girls 2019"]
[Site "New Delhi"]
[Date "2019.10.22"]
[Round "8.43"]
[White "Djuric, Anja"]
[Black "Lohani, Sujana"]
[Result "1-0"]
[ECO "B06"]
[WhiteElo "1493"]
[BlackElo "1671"]
[Annotator "NA RC"]
[PlyCount "39"]
[EventDate "2019.10.15"]
[EventType "swiss"]
[EventCountry "IND"]
[SourceTitle "playchess.com"]
[Source "ChessBase"]
[SourceQuality "1"]
[TimeControl "40/5400+30:1800+30"]

1. e4 g6 2. d4 Bg7 3. Nc3 d6 4. f4 c5 5. dxc5 Qa5 6. cxd6 Bxc3+ 7. bxc3 Qxc3+ 8. Bd2 Qd4 9. Bd3 Bg4 10. Ne2 Bxe2 11. Bxe2 exd6 12. Rb1 b6 13. Rb4 Qg7 14. O-O Ne7 15. Bb5+ Kf8 16. Rc4 a6 17. Bc3 f6 18. Qxd6 axb5 19. Bxf6 bxc4 20. Qd8+ 1-0

[Event "WJCC U20 Girls 2019"]
[Site "New Delhi"]
[Date "2019.10.22"]
[Round "8.44"]
[White "Arushi Kotwal"]
[Black "Du Plessis, Anika"]
[Result "1-0"]
[ECO "D02"]
[WhiteElo "1657"]
[BlackElo "1594"]
[Annotator "NA"]
[PlyCount "143"]
[EventDate "2019.10.15"]
[EventType "swiss"]
[EventCountry "IND"]
[SourceTitle "playchess.com"]
[Source "ChessBase"]
[SourceQuality "1"]
[TimeControl "40/5400+30:1800+30"]

1. d4 d5 2. Nf3 Nf6 3. c4 e6 4. g3 dxc4 5. Qa4+ Nbd7 6. Bg2 c5 7. Qxc4 Be7 8. O-O O-O 9. dxc5 Bxc5 10. b4 Be7 11. Rd1 Nd5 12. a3 Bf6 13. Ra2 N7b6 14. Qb3 Bd7 15. a4 Qe7 16. b5 Qb4 17. Qxb4 Nxb4 18. Rad2 N4d5 19. e4 Nc3 20. Nxc3 Bxc3 21. Rxd7 Nxd7 22. Rxd7 Rfd8 23. Rxd8+ Rxd8 24. Be3 Rd1+ 25. Bf1 Ra1 26. Bxa7 Rxa4 27. Be3 Rxe4 28. Bd3 Ra4 29. Kf1 h6 30. Nd2 Bd4 31. Bxd4 Rxd4 32. Ke2 Kf8 33. Nc4 Ke7 34. Na5 Rd7 35. Ke3 Kd6 36. Kd4 Kc7+ 37. Kc4 Kb6 38. Nb3 Rc7+ 39. Kb4 Rd7 40. Nc5 Rd4+ 41. Bc4 Kc7 42. Nd3 Kb6 43. Kc3 Rd7 44. Ne5 Rc7 45. Kb4 f6 46. Ng4 Rc5 47. Ne3 Re5 48. Bd3 Kc7 49. Nc4 Re1 50. b6+ Kc6 51. h4 f5 52. h5 Rd1 53. Bc2 Re1 54. Ba4+ Kd5 55. Na5 Re4+ 56. Kb5 Rxa4 57. Kxa4 Kc5 58. Nxb7+ Kxb6 59. Nd8 Kc7 60. Nxe6+ Kd6 61. Nxg7 Ke5 62. Kb3 Kf6 63. Ne8+ Kg5 64. Nd6 f4 65. gxf4+ Kxf4 66. Nf7 Kg4 67. Nxh6+ Kxh5 68. Nf5 Kg4 69. Nd4 Kf4 70. Kc3 Ke5 71. Kd3 Kf4 72. f3 {[%emt 0:00:05] Ke4+ Kxe4} 1-0

[Event "WJCC U20 Girls 2019"]
[Site "New Delhi"]
[Date "2019.10.22"]
[Round "8.45"]
[White "Yaakub, Nov Genevia Pslam"]
[Black "Reid, Caitlin"]
[Result "1-0"]
[ECO "B34"]
[WhiteElo "1316"]
[BlackElo "1489"]
[Annotator "NA RC"]
[PlyCount "39"]
[EventDate "2019.10.15"]
[EventType "swiss"]
[EventCountry "IND"]
[SourceTitle "playchess.com"]
[Source "ChessBase"]
[SourceQuality "1"]
[TimeControl "40/5400+30:1800+30"]

1. e4 c5 2. Nf3 Nc6 3. d4 cxd4 4. Nxd4 g6 5. Nc3 Bg7 6. Be3 Nf6 7. Be2 d5 8. exd5 Nxd5 9. Nxc6 bxc6 10. Nxd5 cxd5 11. Bb5+ Bd7 12. Qxd5 Bxb2 13. Bxd7+ Kf8 14. Rd1 Kg7 15. Bd4+ Bxd4 16. Rxd4 Rb8 17. O-O Qc7 18. Rc4 Qb6 19. Qe5+ Kh6 20. Rh4# {[%emt 0:00:18] Ra8} 1-0

[Event "WJCC U20 Girls 2019"]
[Site "New Delhi"]
[Date "2019.10.23"]
[Round "9.3"]
[White "Berdnyk, Mariia"]
[Black "Divya Deshmukh"]
[Result "1-0"]
[ECO "E04"]
[WhiteElo "2349"]
[BlackElo "2358"]
[Annotator "ChessBase"]
[PlyCount "65"]
[EventDate "2019.10.15"]
[EventType "swiss"]
[EventCountry "IND"]
[SourceTitle "playchess.com"]
[Source "ChessBase"]
[SourceQuality "1"]
[TimeControl "40/5400+30:1800+30"]

1. d4 Nf6 2. c4 e6 3. g3 d5 4. Nf3 dxc4 5. Bg2 a6 6. O-O Nc6 7. e3 Rb8 8. Nfd2 e5 9. Nxc4 exd4 10. exd4 Nxd4 11. Bf4 Bc5 12. Re1+ Be6 13. Na5 O-O 14. Nc3 Nd5 15. Be5 Bb6 16. Bxd4 Bxa5 17. Nxd5 Bxd5 18. Bxd5 Bxe1 19. Qg4 g6 20. Bb3 Bd2 21. Rd1 Qg5 22. Qe2 c5 23. Be5 Ba5 24. Bxb8 Rxb8 25. Rd7 Kh8 26. Rxf7 c4 27. Qxc4 Rd8 28. Rd7 Qf6 29. Rxd8+ Qxd8 30. Qd5 h5 31. Qf7 Bb6 32. Qxg6 Qf8 33. Qxb6 1-0

[Event "WJCC U20 Girls 2019"]
[Site "New Delhi"]
[Date "2019.10.23"]
[Round "9.4"]
[White "Assaubayeva, Bibisara"]
[Black "Priyanka Nutakki"]
[Result "1/2-1/2"]
[ECO "D61"]
[WhiteElo "2381"]
[BlackElo "2248"]
[Annotator "ChessBase"]
[PlyCount "141"]
[EventDate "2019.10.15"]
[EventType "swiss"]
[EventCountry "IND"]
[SourceTitle "playchess.com"]
[Source "ChessBase"]
[SourceQuality "1"]
[TimeControl "40/5400+30:1800+30"]

1. d4 d5 2. c4 e6 3. Nc3 Nf6 4. Bg5 Be7 5. Nf3 O-O 6. e3 Nbd7 7. Qc2 a6 8. cxd5 exd5 9. Bd3 c6 10. O-O Re8 11. h3 Nf8 12. Rae1 g6 13. Ne5 Ne6 14. Bh4 Ng7 15. Na4 Bf5 16. Nc5 Bxd3 17. Nexd3 Ra7 18. Qb3 Ne4 19. Bxe7 Rxe7 20. Nxe4 Rxe4 21. Ne5 Rh4 22. f4 Nf5 23. Kh2 Nd6 24. Qc2 Ne4 25. Nf3 Rh6 26. Nd2 Nd6 27. e4 dxe4 28. Nxe4 Ra8 29. Qb3 Rb8 30. Ng5 Qf6 31. d5 cxd5 32. Qxd5 Rh5 33. Rd1 Nf5 34. Qb3 Re8 35. Rd7 Re7 36. Rxb7 Rxg5 37. Rb8+ Kg7 38. fxg5 Qd6+ 39. Kg1 Qd4+ 40. Kh1 Re3 41. Qb4 Ng3+ 42. Kg1 Qxb4 43. Rxb4 Nxf1 44. Kxf1 Re5 45. h4 h6 46. gxh6+ Kxh6 47. Kf2 Kh5 48. a4 f5 49. b3 Rc5 50. Rc4 Rd5 51. b4 Rd2+ 52. Kf3 Ra2 53. a5 Rb2 54. g3 Rb3+ 55. Kg2 Rb2+ 56. Kh3 g5 57. hxg5 Kxg5 58. Rf4 Rd2 59. Rc4 Rb2 60. Rd4 Kh5 61. Rd6 Rxb4 62. Rxa6 Ra4 63. Ra8 Kh6 64. Kg2 Ra3 65. a6 Kg7 66. Kf2 Kh7 67. a7 Kg7 68. Kg2 Kh7 69. Rf8 Rxa7 70. Rxf5 Kg6 71. Kf3 1/2-1/2

[Event "WJCC U20 Girls 2019"]
[Site "New Delhi"]
[Date "2019.10.23"]
[Round "9.7"]
[White "Aakanksha Hagawane"]
[Black "Li, Yunshan"]
[Result "1/2-1/2"]
[ECO "B10"]
[WhiteElo "2181"]
[BlackElo "2289"]
[Annotator "ChessBase"]
[PlyCount "117"]
[EventDate "2019.10.15"]
[EventType "swiss"]
[EventCountry "IND"]
[SourceTitle "playchess.com"]
[Source "ChessBase"]
[SourceQuality "1"]
[TimeControl "40/5400+30:1800+30"]

1. e4 c6 2. Nc3 d5 3. Nf3 dxe4 4. Nxe4 Nf6 5. Qe2 Nxe4 6. Qxe4 Qa5 7. Bc4 Bf5 8. Qe2 Nd7 9. O-O e6 10. d4 Be7 11. h3 Qc7 12. Bb3 O-O 13. Be3 Rad8 14. Rad1 Bg6 15. c4 Bh5 16. Bc1 Bf6 17. Bc2 Nb6 18. Qd3 Bg6 19. Qe2 Rd7 20. Bxg6 hxg6 21. Be3 Rfd8 22. b3 Nc8 23. Rd2 Qa5 24. Rfd1 Nd6 25. Bf4 Nf5 26. Qe4 Qc3 27. Rc2 Qb4 28. Rcd2 Qc3 29. Be3 a5 30. g4 Nxe3 31. Qxe3 Qxe3 32. fxe3 g5 33. e4 g6 34. Rd3 Be7 35. Kf1 b6 36. Ke2 Kg7 37. d5 cxd5 38. cxd5 exd5 39. Rxd5 Rxd5 40. Rxd5 Rxd5 41. exd5 Kf6 42. a4 Bd6 43. Kd3 Bf4 44. Ke4 Bd6 45. Kd4 Bf4 46. Kc4 Ke7 47. b4 axb4 48. Kxb4 Kd6 49. Kc4 Be3 50. Kd3 Bc1 51. Ke4 f6 52. Nd4 Bd2 53. Ne6 Ke7 54. Kd3 Bc1 55. Kd4 Bd2 56. Kc4 Be3 57. Kd3 Bc1 58. Kc2 Be3 59. Kd3 1/2-1/2